 Dungeon Crawl Stone Soup version 0.27.1-4-g1640c2035a (webtiles) character file.

Game seed: 1325994852018050288

107 bellerephron the Slasher (level 4, -7/34 HPs)
             Began as a Demonspawn Gladiator on Nov 7, 2021.
             Killed by divine providence
             ... invoked by an orc priest
              (9 damage)
             ... on level 4 of the Dungeon.
             The game lasted 00:05:50 (2868 turns).

bellerephron the Slasher (Demonspawn Gladiator)     Turns: 2868, Time: 00:05:50

Health: -7/34      AC: 12    Str: 15    XL:     4   Next: 57%
Magic:  4/4        EV:  7    Int:  9    God:
Gold:   124        SH:  0    Dex: 15    Spells: 3/3 levels left

rFire    . . .     SeeInvis .   a - +1 long sword
rCold    . . .     Faith    .   (no shield)
rNeg     . . .     Spirit   .   l - +0 chain mail
rPois    .         Reflect  .   c - +0 helmet
rElec    .         Harm     .   o - +0 cloak
rCorr    .         Rampage  .   (no gloves)
Will     .....                  (no boots)
Stlth    ..........             t - amulet of regeneration
HPRegen  1.11/turn              (no ring)
MPRegen  0.09/turn              (no ring)

@: no status effects
A: slimy green scales 1, powered by death 2
a: no special abilities


You were on level 4 of the Dungeon.
You visited 1 branch of the dungeon, and saw 4 of its levels.

You collected 124 gold pieces.

Inventory:

Hand Weapons
 a - a +1 long sword (weapon)
 i - a +2 antimagic dagger
 k - a +0 rapier
Missiles
 d - 3 throwing nets (quivered)
 h - 108 stones
 s - 4 javelins
Armour
 b - a +0 leather armour
 c - a +0 helmet (worn)
 l - a +0 chain mail (worn)
 o - a +0 cloak (worn)
 q - a +1 leather armour of poison resistance
Jewellery
 t - an amulet of regeneration (around neck)
Scrolls
 f - a scroll of magic mapping {unknown}
 n - a scroll of identify {unknown}
 p - a scroll of fear {unknown}
 u - 2 scrolls of enchant weapon
 v - a scroll of holy word {unknown}
 w - a scroll of brand weapon {unknown}
Potions
 e - 2 potions of degeneration {unknown}
 g - a potion of attraction {unknown}
 j - a potion of haste {unknown}
 m - a potion of curing {unknown}
 r - a potion of cancellation {unknown}


   Skills:
 + Level 2.3 Fighting
 + Level 3.7 Long Blades
 + Level 1.7 Throwing
 + Level 1.2 Armour
 * Level 3.5 Dodging


You had 3 spell levels left.
You didn't know any spells.
Your spell library contained the following spells:

 Spells                   Type           Power      Damage    Failure   Level
 Alistair's Intoxication  Tmut/Pois      0%         N/A       100%        5
 Borgnjor's Vile Clutch   Necr/Erth      0%         N/A       100%        5
 Eringya's Noxious Bog    Tmut/Pois      0%         N/A       100%        6


Dungeon Overview and Level Annotations

Branches:
Dungeon (4/15)
 Temple: D:4-7

Altars:
Makhleb
Uskayaw
Vehumet
Zin

Shops:
D:1 [   D:3 [([


Innate Abilities, Weirdness & Mutations

You are partially covered in slimy green scales. (AC +2)
You regenerate health from kills.


Message History

You kill the kobold!
You hit the orc priest but do no damage.
The orc priest hits you with a +0 war axe.
An orc wizard comes into view. It is wielding a +0 dagger.
You closely miss the orc priest. You barely miss the orc.
The orc priest completely misses you. The orc closely misses you.
Unknown command.
You hit the orc priest but do no damage.
The orc priest hits you with a +0 war axe.
The orc hits you but does no damage.
The orc wizard mumbles some strange words.
The orc wizard flickers and vanishes!
Deactivating autopickup; reactivate with Ctrl-A.
The orc priest hits you but does no damage.
Unknown command.
You slash the orc priest!
The orc priest is heavily wounded.
The orc barely misses you.
The orc priest mumbles some strange prayers to Beogh against you.
Beogh smites you! The orc hits you but does no damage.
Unknown command.
You slash the orc priest!
The orc priest is almost dead.
The orc priest hits you with a +0 war axe!
The orc hits you but does no damage.
Unknown command.
You barely miss the orc priest.
The orc priest is almost dead.
The orc priest hits you but does no damage.
Unknown command.
You closely miss the orc priest.
The orc priest is almost dead.
The orc priest mumbles some strange prayers to Beogh against you.
Beogh smites you!
* * * LOW HITPOINT WARNING * * *
Something hits you but does no damage.
The orc priest invokes the aid of Beogh against you.
Beogh smites you!
You die...

... . .. #######.
..####.####
#....(.##.#.#.......#
#......##.#.#.#._.#.#
#......##.#.#.......##
#......##....o).......
#.........#..o@8.8....
#.......#.#..........?
#...<...#.##.8.....8..
#.....................
#......##.##.8.....8..
#......##.##..........
#########.##...8.8....
#.##..........
#.##..###.#..


You could see an orc priest and an orc.

Vanquished Creatures
  4 adders
  A worm (D:2)
  3 dart slugs
  2 orcs (D:3)
  6 ball pythons
  7 endoplasms
  3 giant cockroaches
  4 hobgoblins
  3 quokkas (D:1)
  8 bats
  4 frilled lizards
  6 goblins
  6 kobolds
  5 rats
62 creatures vanquished.

Vanquished Creatures (others)
  2 plants (D:1)
2 creatures vanquished.

Grand Total: 64 creatures vanquished

Notes
Turn   | Place    | Note
-------+----------+-------------------------------------------
     0 | D:1      | bellerephron the Demonspawn Gladiator began the quest for
                  | the Orb.
     0 | D:1      | Reached XP level 1. HP: 16/16 MP: 1/1
   434 | D:1      | Gained mutation: You are partially covered in slimy green
                  | scales. (AC +2) [demonic ancestry]
   434 | D:1      | Reached XP level 2. HP: 19/22 MP: 2/2
  1006 | D:1      | Found Cewnep's Armour Shop.
  1031 | D:1      | Gained mutation: You regenerate a little health from kills.
                  | [demonic ancestry]
  1031 | D:1      | Reached XP level 3. HP: 21/27 MP: 3/3
  2030 | D:2      | Gained mutation: You regenerate health from kills. [demonic
                  | ancestry]
  2030 | D:2      | Reached XP level 4. HP: 27/33 MP: 4/4
  2036 | D:2      | Reached skill level 1 in Armour
  2232 | D:2      | Found a radiant altar of Vehumet.
  2331 | D:3      | Found Xisef's Armour Boutique.
  2391 | D:3      | Found Hotwe's Armour Shop.
  2425 | D:3      | Found Imopaes's Antique Weapon Shoppe.
  2808 | D:3      | Found a burning altar of Makhleb.
  2850 | D:4      | Found a hide-covered altar of Uskayaw.
  2868 | D:4      | Killed from afar by an orc priest

Illustrated notes

Levels and vault maps discovered:
D:1:      lemuel_arrival_rhombus, layout_basic, serial_shops, shop,
          serial_bayou_pond_b, minmay_surrounded
D:2:      layout_loops_ring, basic_altar, kennysheep_generic_room_7
D:3:      layout_rooms, lightli_temple_of_fire, mainiacjoe_overflow_paths,
          serial_shops, shop_fountains, shop, shop
D:4:      layout_rooms, nicolae_uskayaw_dance_hall, minmay_temple_entry_slanted,
          gammafunk_ghost_gnarly_gnolls, uniq_menkaure

Skill      XL: |  1  2  3  4 |
---------------+-------------+-----
Dodging        | 3 |  3.5
Long Blades    | 3 |  3.7
Armour         | 1 |  1.2
Fighting       | |  2.3
Throwing       | |  1.7

Action                   |  1- 3 |  4- 6 || total
-------------------------+-------+-------++-------
Melee: Long sword        |   113 |    80 ||   193
  Use: Scroll            |       |     1 ||     1
 Stab: Sleeping          |     1 |       ||     1
Armor: Leather armour    |    46 |       ||    46
       Chain mail        |    14 |    59 ||    73
Dodge: Dodged            |    83 |    35 ||   118
       Rpst.: Long sword |    27 |     7 ||    34
